 Dungeon Crawl Stone Soup version 0.30.1-4-g462c640d31 (webtiles) character file.

Game seed: 2282749749521012457

415 Amplified the Trooper (level 6, -2/51 HPs)
             Began as a Demonspawn Delver on Sept 10, 2023.
             Was an Initiate of Gozag.
             Slain by an ogre
             ... wielding a +0 giant spiked club
              (11 damage)
             ... on level 4 of the Dungeon.
             The game lasted 00:08:45 (4609 turns).

Amplified the Trooper (Demonspawn Delver)           Turns: 4609, Time: 00:08:46

Health: -2/51      AC:  6    Str: 12 (14) XL:     6   Next: 60%
Magic:  6/6        EV: 10    Int: 10 (11) God:    Gozag
Gold:   429        SH:  0    Dex: 13 (15) Spells: 5/5 levels left

rFire   . . .        a - +0 falchion
rCold   . . .        (no shield)
rNeg    . . .        e - +0 ring mail
rPois   +            (helmet restricted)
rElec   .            h - +0 cloak
rCorr   .            (no gloves)
SInv    .            (no boots)
Will    .....        (no amulet)
Stlth   ++           w - ring of poison resistance
HPRegen 0.28/turn    (no ring)
MPRegen 0.10/turn

%: no passive effects
@: about to teleport
A: antennae 2, hooves 1, weakness stinger 2
a: Renounce Religion, Potion Petition, Call Merchant, Bribe Branch


You were on level 4 of the Dungeon.
You worshipped Gozag.
Gozag was aware of your devotion.
You visited 2 branches of the dungeon, and saw 6 of its levels.

You collected 503 gold pieces.
You paid 74 gold pieces to Gozag.

Inventory:

Hand Weapons
 a - a +0 falchion (weapon)
Missiles
 o - 3 poisoned darts (quivered)
Armour
 b - a +0 leather armour
 e - a +0 ring mail (worn)
 h - a +0 cloak (worn)
 n - a +0 buckler
Jewellery
 w - a ring of poison resistance (left hand)
Wands
 g - a wand of digging (3)
Scrolls
 c - 3 scrolls of fog
 d - a scroll of magic mapping
 i - a scroll of enchant armour
 l - a scroll of noise
 m - a scroll of immolation {unknown}
 r - a scroll of brand weapon {unknown}
 u - a scroll of poison {unknown}
Potions
 j - 2 potions of flight
 q - 2 potions of ambrosia {unknown}
 s - a potion of degeneration
 t - 2 potions of mutation {unknown}


   Skills:
 * Level 5.0 Fighting
 - Level 2.1 Long Blades
 * Level 3.3 Armour
 - Level 1.7 Dodging
 - Level 4.5 Stealth
 * Level 3.1 Unarmed Combat


You had 5 spell levels left.
You didn't know any spells.
Your spell library contained the following spells:

 Spells                   Type           Power      Damage    Failure   Level
 Cigotuvi's Dreadful Rot  Necr/Pois/Air  0%         N/A       77%         2
 Ignite Poison            Fire/Tmut/Pois 0%         N/A       94%         3
 Freezing Cloud           Conj/Ice/Air   0%         6-21      100%        5


Dungeon Overview and Level Annotations

Branches:
Dungeon (5/15)             Temple (1/1) D:5

Altars:
Dithmenos
Gozag
Kikubaaqudgha
Makhleb
Nemelex Xobeh
Okawaru
Qazlal
Ru
Sif Muna
Trog
Uskayaw
Vehumet
Xom

Annotations:
D:4 3 runed translucent doors, Voland's ghost, amateur TeAE


Innate Abilities, Weirdness & Mutations

You have a pair of antennae on your head.
You have large cloven feet.
You have a tail ending in a sharp stinger.


Message History

You climb downwards.
The ogre closely misses you.
There is a stone staircase leading up here.
There are monsters nearby!
Unknown command.
Unknown command.
You climb upwards.
Level annotation: 3 runed translucent doors, Voland's ghost, amateur TeAE
There is a stone staircase leading down here.
Unknown command.
Unknown command.
Saving game... please wait.
Level annotation: 3 runed translucent doors, Voland's ghost, amateur TeAE Welcome back, Amplified the Demonspawn Delver.
Gozag says: Greed is good.
Press ? for a list of commands and other information.
Okay, then.
There is an open door here.
Okay, then.
As you read the scroll of identify, it crumbles to dust.
p - a potion of curing The ogre closely misses you.
Unknown command.
You can't go down here!
Unknown command.
You don't know any spells.
Unknown command.
Okay, then.
As you read the scroll labelled NIOROSK CEIG, it crumbles to dust.
Your body is wracked with pain!
The ogre convulses!
It was a scroll of torment.
The ogre hits you with a +0 giant spiked club!!
Ouch! That really hurt!
* * * LOW HITPOINT WARNING * * *
Unknown command.
You feel better.
Unknown command.
As you read the scroll of teleportation, it crumbles to dust.
You feel strangely unstable.
The ogre hits you with a +0 giant spiked club!
You die...
Your body crumbles into a pile of gold.

#######
#.....#######################
#.....#.....#...............#
#.....#.....#.<.............#
#.....#.....#...............#
####.....#.....##......##......#
....#'####...>.##########......#
...)#...#####'###......#.......#
....#..........O@<.....#.......#
....#..................#.......#
....#...)..............#.......#
....#...##.............#)......#
'#####'###.....##......##......#
....#...##.....##......##......#
....#...#########......#.......#
....#...........>......#.......#
....#..................#.....<.#


You could see an ogre.

Vanquished Creatures
  Sigmund (D:2)
  A black bear (D:4)
  A sleepcap (D:4)
  An iguana (D:4)
  Terence (D:2)
  3 adders
  A worm (D:3)
  3 dart slugs
  2 orcs
  7 ball pythons
  4 bats
  7 endoplasms
  3 giant cockroaches
  7 goblins
  6 hobgoblins
  5 quokkas
  A frilled lizard (D:3)
  4 kobolds
  3 rats
61 creatures vanquished.

Notes
Turn   | Place    | Note
-------+----------+-------------------------------------------
     0 | D:5      | Amplified the Demonspawn Delver began the quest for the
                  | Orb.
     0 | D:5      | Reached XP level 1. HP: 18/18 MP: 1/1
    26 | D:5      | Found a staircase to the Ecumenical Temple.
    34 | Temple   | Entered the Ecumenical Temple
   273 | D:5      | Noticed an orc priest
   273 | D:5      | Noticed an orc wizard
   360 | D:5      | Noticed an orc priest
   470 | D:5      | Noticed an iguana
   488 | D:4      | Noticed Voland's ghost (amateur TeAE)
   489 | D:4      | Found a runed translucent gate.
   489 | D:4      | Noticed a wight
   572 | D:3      | Discovered your monstrous ancestry.
   572 | D:3      | Gained mutation: You have a small tail. [demonic ancestry]
   572 | D:3      | Reached XP level 2. HP: 12/24 MP: 2/2
   766 | D:2      | Reached skill level 1 in Armour
   778 | D:2      | Noticed Sigmund
  1076 | D:3      | Found a faded altar of an unknown god.
  1135 | D:3      | Gained mutation: You have a pair of small antennae on your
                  | head. [demonic ancestry]
  1135 | D:3      | Reached XP level 3. HP: 29/29 MP: 3/3
  1264 | Temple   | Became a worshipper of Gozag Ym Sagoz the Greedy
  1308 | D:5      | Noticed a black bear
  1328 | D:4      | Killed a black bear
  1329 | D:4      | Reached skill level 4 in Fighting
  1329 | D:4      | Reached skill level 1 in Unarmed Combat
  1329 | D:4      | Gained mutation: You have large cloven feet. [demonic
                  | ancestry]
  1329 | D:4      | Reached XP level 4. HP: 20/37 MP: 4/4
  2321 | D:2      | Killed Sigmund
  2322 | D:2      | Gained mutation: You have a pair of antennae on your head.
                  | [demonic ancestry]
  2322 | D:2      | Reached XP level 5. HP: 32/43 MP: 5/5
  2322 | D:2      | Gained mutation: You have a tail ending in a sharp stinger.
                  | [demonic ancestry]
  2322 | D:2      | Reached XP level 6. HP: 37/49 MP: 6/6
  2340 | D:2      | Noticed Terence
  2345 | D:2      | Killed Terence
  4015 | D:4      | Found a runed translucent gate.
  4016 | D:4      | Found a runed translucent gate.
  4348 | D:4      | Reached skill level 5 in Fighting
  4607 | D:4      | HP: 1/51 [ogre/+0 giant spiked club (26)]
  4609 | D:4      | Slain by an ogre

Illustrated notes

Levels and vault maps discovered:
D:1:      mrwooster_arrival_arrow, layout_basic
D:2:      layout_loops_corners, minmay_pentomino_p4, uniq_sigmund, uniq_terence
D:3:      layout_loops_corners, hellmonk_ecumenical_altar_lost_god,
          serial_bayou_pond_c
D:4:      layout_gridville, gammafunk_ghost_split
D:5:      layout_loops_ring, minmay_overflow_temple_star_hex,
          minmay_temple_entry_hall, uniq_duvessa
Temple:   bh_familiar_temple

Skill      XL: |  1  2  3  4  5  6 |
---------------+-------------------+-----
Long Blades    | 2 |  2.1
Armour         | 1 2 3 |  3.3
Fighting       | 4 5 |  5.0
Unarmed Combat | 1 2 3 |  3.1
Dodging        | |  1.7
Stealth        | |  4.5

Action                     |  1- 3 |  4- 6 || total
---------------------------+-------+-------++-------
  Melee: Falchion          |    65 |    94 ||   159
         Punch             |     2 |     2 ||     4
         Tailslap          |     5 |    10 ||    15
         Kick              |       |    25 ||    25
  Throw: Dart              |       |     4 ||     4
  Evoke: Wand              |     6 |       ||     6
    Use: Scroll            |     4 |     9 ||    13
         Potion            |     1 |     4 ||     5
   Stab: Sleeping          |     6 |     6 ||    12
         Paralysed         |    11 |       ||    11
         Distracted        |       |     2 ||     2
 Armour: Leather armour    |     3 |       ||     3
         Ring mail         |    17 |    35 ||    52
         Skin              |       |     5 ||     5
  Dodge: Dodged            |    31 |    43 ||    74
